 Dungeon Crawl Stone Soup version 0.30-a0-626-gd6a5dd7a1f (webtiles) character file.

Game seed: 1560057324769596279

25196 drugrobin the Black Belt (level 12, -1/96 (101) HPs)
             Began as a Demigod Delver on Jan 11, 2023.
             Succumbed to barbed spike wounds
             ... on level 2 of the Orcish Mines on Jan 12, 2023.
             The game lasted 01:02:02 (18498 turns).

drugrobin the Black Belt (Demigod Delver)          Turns: 18498, Time: 01:02:02

HP:   -1/96 (101)   AC: 13    Str: 29    XL:     12   Next: 52%
MP:   15/15         EV: 19    Int: 20    God:
Gold: 321           SH:  5    Dex: 27    Spells: 2/11 levels left

rFire   . . .      SeeInvis .      - Unarmed
rCold   . . .      Faith    .    Z - +0 buckler
rNeg    . . .      Spirit   .    P - +2 leather armour of Dithmenos's Hope {rPois Int+4}
rPois   +          Reflect  .    M - +1 helmet
rElec   .          Harm     .    F - +2 cloak
rCorr   .          Rampage  .    y - +1 Delatra's gloves {ID++}
Will    +....                    n - +0 pair of boots
Stlth   +++                      h - amulet of Dabatul {RegenMP Dex+4}
HPRegen 0.36/turn                p - +6 ring of strength
MPRegen 0.54/turn                t - +6 ring of strength

@: spiked, lightly drained
A: high MP 1, forlorn, divine attributes
a: no special abilities


You were on level 2 of the Orcish Mines.
You visited 2 branches of the dungeon, and saw 14 of its levels.
You also visited: Ossuary, Bailey and Gauntlet.

You collected 1354 gold pieces.
You spent 1033 gold pieces at shops.

Inventory:

Hand Weapons
 b - the +3 sling "Ciacuss" {drain, MP+9 Dex+2 SInv}
   (You bought it in a shop on level 1 of the Orcish Mines)

   Dex:       It affects your dexterity (+2).
   MP:        It affects your magic capacity (+9).
   SInv:      It lets you see invisible.
 c - a +0 dagger of venom
Missiles
 k - 5 poisoned darts (quivered)
 r - 4 curare-tipped darts
 Q - 3 throwing nets
Armour
 n - a +0 pair of boots (worn)
 o - the +1 chain mail of Ornamental Birdsong {rElec}
   (You bought it in a shop on level 1 of the Orcish Mines)

   rElec:     It insulates you from electricity.
 w - the +0 robe "Heanax" {Will++}
   (You found it on level 10 of the Dungeon)

   Will:      It greatly increases your willpower.
 y - the +1 Delatra's gloves (worn) {ID++}
   (You found it on level 3 of the Dungeon)

   It heals its wearer when they drink unknown potions.
   It restores its wearer's MP when they read unknown scrolls.
 F - a +2 cloak (worn)
 M - a +1 helmet (worn)
 P - the +2 leather armour of Dithmenos's Hope (worn) {rPois Int+4}
   (You found it on level 6 of the Dungeon)

   Int:       It affects your intelligence (+4).
   rPois:     It protects you from poison.
 U - +0 acid dragon scales
 Z - a +0 buckler (worn)
Magical Staves
 f - a staff of conjuration
 v - a staff of earth
Jewellery
 h - the amulet of Dabatul (around neck) {RegenMP Dex+4}
   (You found it in a Gauntlet)

   [amulet of magic regeneration]

   It increases your rate of magic regeneration.
   Dex:       It affects your dexterity (+4).
 p - a +6 ring of strength (left hand)
 q - a ring of protection from fire
 t - a +6 ring of strength (right hand)
 H - a ring of see invisible
Wands
 x - a wand of mindburst (17)
 C - a wand of digging (6)
 V - a wand of iceblast (7)
Scrolls
 d - a scroll of fear
 e - a scroll of identify
 m - 5 scrolls of immolation
 B - a scroll of poison
 D - 4 scrolls of vulnerability
 G - a scroll of fog
 J - a scroll of torment
 K - 6 scrolls of enchant armour
 O - a scroll of silence
 R - 8 scrolls of enchant weapon
 T - a scroll of blinking
 X - 4 scrolls of teleportation
 Y - 4 scrolls of amnesia
Potions
 a - 2 potions of invisibility
 g - 5 potions of curing
 i - 4 potions of flight
 j - a potion of attraction {unknown}
 l - 3 potions of heal wounds {unknown}
 s - 4 potions of lignification
 u - 2 potions of mutation
 z - 3 potions of degeneration {unknown}
 E - a potion of ambrosia {unknown}
 I - a potion of magic {unknown}
 L - 3 potions of berserk rage
 N - 2 potions of cancellation
 W - 4 potions of brilliance
Miscellaneous
 A - a piece from Xom's chessboard (10/15)


   Skills:
 - Level 8.0 Fighting
 - Level 8.0 Dodging
 - Level 4.5 Stealth
 + Level 15.4 Unarmed Combat
 + Level 6.0 Transmutations
 - Level 4.0 Evocations


You had 2 spell levels left.
You knew the following spells:

 Your Spells              Type           Power      Damage    Failure   Level
a - Blink                 Tloc           0%         N/A       41%         2
b - Statue Form           Tmut/Erth      8%         N/A       100%        6
c - Apportation           Tloc           0%         N/A       30%         1

Your spell library contained the following spells:

 Spells                   Type           Power      Damage    Failure   Level
 Necrotise                Necr           0%         1d4       30%         1
 Ensorcelled Hibernation  Hex/Ice        0%         N/A       41%         2
 Spider Form              Tmut/Pois      12%        N/A       26%         3
 Frozen Ramparts          Ice            0%         1d1       65%         3
 Vampiric Draining        Necr           0%         2d6       65%         3
 Ice Form                 Ice/Tmut       12%        N/A       65%         4
 Alistair's Intoxication  Tmut/Pois      8%         N/A       94%         5
 Airstrike                Air            0%         2d(0-16)  96%         4
 Anguish                  Hex/Necr       0%         N/A       96%         4
 Leda's Liquefaction      Hex/Erth       0%         N/A       96%         4
 Manifold Assault         Tloc           0%         N/A       96%         4
 Summon Ice Beast         Ice/Summ       0%         N/A       96%         4
 Summon Lightning Spire   Summ/Air       0%         N/A       96%         4
 Agony                    Necr           0%         N/A       100%        5
 Lee's Rapid Deconstruct  Erth           0%         3d4*      100%        5
 Lightning Bolt           Conj/Air       0%         1d11      100%        5
 Storm Form               Tmut/Air       6%         N/A       100%        7


Dungeon Overview and Level Annotations

Branches:
Dungeon (12/15)            Temple (0/1) D:7             Orc (2/2) D:10
    Elf (0/3) Orc:2       Ossuary (visited)          Bailey (visited)
Gauntlet (visited)
   Lair: D:8-11

Shops:
D:8 ?   D:9 *(   Orc:1 [(

Annotations:
D:3 exclusion: scorpion
D:5 1 runed translucent door, Crazy Yiuf
D:9 2 transporters, themarg's ghost, journeyman GnTm


Innate Abilities, Weirdness & Mutations

You have an increased reservoir of magic. (+10% MP)
You shall have no god before yourself.
Your divine heritage dramatically boosts your attributes as you level up.


Message History

Unknown command.
Unknown command.
Unknown command.
Unknown command.
Unknown command.
Unknown command.
Unknown command.
Unknown command.
Unknown command.
Unknown command.
Unknown command.
Unknown command.
Unknown command.
Unknown command.
The barbed spikes dig painfully into your body as you move.
* * * LOW HITPOINT WARNING * * *
The red devil disappears in a puff of smoke!
Unknown command.
Unknown command.
Unknown command.
Unknown command.
Unknown command.
Press: ? - help, v - describe, . - travel The floor.
There is a cloud of grey smoke here.
Unknown command.
Unknown command.
Unknown command.
Unknown command.
Unknown command.
The barbed spikes dig painfully into your body as you move.
* * * LOW HITPOINT WARNING * * *
Unknown command.
Unknown command.
Unknown command.
Unknown command.
Unknown command.
Unknown command.
The barbed spikes dig painfully into your body as you move.
You die...

*,,*,,,,,*,,*,,#.##.......#......
**,,,*∩*,,,**,,#.##.....###......
*,,,,∩,∩,,,,*,,#)#......,*##.....
**,,,*∩*,,,**,,#.#>.....,,#......
*,,*,,,,,*,,*,,#)###....,,#......
,,***,,,***,,,,#.# #....,,#......
,.,*,,,,,*,,,,,#§# ***,,,.......#
,..,,*,*,,,,,,,#§# *,,,....###*
,...####*,,,,,,#@# **,,,...,*
,(o.....,,,,,,##§# *,,,,..,,***
,...o...,,,,,##§§# ***,,,,,,,,,*#
*####...######§§§#**,,,,,,,,,,*#.
,..o..(.(4...§§§##*,,,,,,,,,,,,..
,.....o.{..o..§##*,,,,,,,,*,,,,,,
*###############*,,*,,,,,***,,,,,
**,**,,,,,**,,,,,
*,,,,,,,,,,*,,,,*


There were no monsters in sight!

Vanquished Creatures
  A boulder beetle (D:11)
  2 orc high priests
  Urug (D:10)
  Nergalle (D:10)
  Lodul (D:10)
  An orange crystal statue (Gauntlet)
  A wizard (Gauntlet)
  5 orc knights
  Pikel (D:8)
  3 cyclopes
  3 ugly things (D:11)
  2 orc sorcerers
  A manticore (D:12)
  Maurice (D:10)
  Joseph (D:8)
  2 kobold demonologists (D:10)
  A gargoyle (D:11)
  A komodo dragon (D:7)
  4 trolls
  Prince Ribbit (D:6)
  Grinder (D:4)
  11 slime creatures (D:12)
  A shadow (D:12)
  Sigmund (D:6)
  3 flying skulls (Gauntlet)
  2 wyverns
  6 yaks
  A wraith (D:12)
  A steam dragon (D:6)
  3 wargs (Orc:1)
  An acid dragon (D:9)
  3 water moccasins
  2 ice beasts
  22 orc warriors
  4 black bears
  9 ogres
  4 centaurs
  A lemure (D:8)
  2 phantoms
  An elf zombie (Ossuary)
  2 kobold brigands
  3 scorpions
  2 bullfrogs (D:8)
  2 necrophages
  3 gnoll sergeants
  9 wights
  2 howler monkeys
  A centaur zombie (Ossuary)
  3 hounds
  A human zombie (Ossuary)
  14 orc priests
  3 gnoll boudas
  An iron imp (D:9)
  3 iguanas
  26 orc wizards
  2 mummies (Ossuary)
  7 adders
  28 gnolls
  3 shadow imps
  A white imp (D:3)
  An adder zombie (Ossuary)
  A worm (D:4)
  A dart slug (D:1)
  73 orcs
  9 ball pythons
  4 bats
  6 endoplasms
  3 giant cockroaches
  8 goblins
  11 hobgoblins
  11 kobolds
  3 quokkas
  2 frilled lizards
  2 goblin zombies (Ossuary)
  11 hobgoblin zombies (Ossuary)
  3 jackal zombies (Ossuary)
  3 kobold zombies (Ossuary)
  12 orc zombies (Ossuary)
  3 rats
  A rat zombie (Ossuary)
397 creatures vanquished.

Vanquished Creatures (others)
  4 plants (Gauntlet)
  24 withered plants (Gauntlet)
28 creatures vanquished.

Grand Total: 425 creatures vanquished

Notes
Turn   | Place    | Note
-------+----------+-------------------------------------------
     0 | D:5      | drugrobin the Demigod Delver began the quest for the Orb.
     0 | D:5      | Reached XP level 1. HP: 18/18 MP: 3/3
   166 | D:5      | Noticed a black bear
   181 | D:3      | Noticed a scorpion
   254 | D:2      | Reached skill level 2 in Unarmed Combat
   254 | D:2      | Reached XP level 2. HP: 8/25 MP: 4/4
   577 | D:2      | Reached skill level 3 in Unarmed Combat
   720 | D:2      | Reached XP level 3. HP: 27/30 MP: 5/5
  1812 | D:3      | Reached skill level 4 in Unarmed Combat
  1817 | D:3      | Learned a level 2 spell: Blink
  2059 | D:3      | Found the +1 Delatra's gloves {ID++}
  2105 | D:3      | Reached XP level 4. HP: 37/37 MP: 6/6
  2515 | D:3      | Reached skill level 5 in Unarmed Combat
  2856 | D:4      | Reached XP level 5. HP: 42/42 MP: 7/7
  2886 | D:4      | Noticed Grinder
  3076 | D:4      | Reached skill level 6 in Unarmed Combat
  3076 | D:4      | Reached XP level 6. HP: 49/50 MP: 8/8
  3117 | D:4      | Killed Grinder
  3118 | D:4      | Reached skill level 7 in Unarmed Combat
  3437 | D:5      | Reached XP level 7. HP: 48/56 MP: 9/9
  3784 | D:5      | Reached skill level 8 in Unarmed Combat
  4148 | D:5      | Found a runed translucent door.
  4149 | D:5      | Noticed Crazy Yiuf
  4496 | D:6      | Found a sand-covered staircase.
  4502 | Ossuary  | Entered an ossuary
  4681 | Ossuary  | Reached skill level 9 in Unarmed Combat
  4725 | Ossuary  | Reached XP level 8. HP: 52/62 MP: 10/10
  5075 | D:6      | Reached skill level 10 in Unarmed Combat
  5108 | D:6      | Identified the ring of Elyvilon's Approval {+Blink MP+9}
  5421 | D:5      | Reached skill level 11 in Unarmed Combat
  5716 | D:6      | Noticed Prince Ribbit
  5730 | D:6      | Killed Prince Ribbit
  5733 | D:6      | Identified the +2 leather armour of Dithmenos's Hope {rPois
                  | Int+4}
  5987 | D:6      | Noticed Sigmund
  6003 | D:6      | Killed Sigmund
  6004 | D:6      | Reached XP level 9. HP: 67/68 MP: 11/11
  6107 | D:6      | Learned a level 6 spell: Statue Form
  6185 | D:7      | Reached skill level 12 in Unarmed Combat
  6262 | D:7      | Noticed a komodo dragon
  6282 | D:7      | Killed a komodo dragon
  6611 | D:7      | Found a staircase to the Ecumenical Temple.
  7574 | D:8      | Noticed Joseph
  7815 | D:9      | Found Iheh's Assorted Antiques.
  8321 | D:9      | Found Iwkocolour's Antique Weapon Shop.
  8407 | D:9      | Bought a scroll labelled BYIGGU WOTE for 27 gold pieces
  8407 | D:9      | Bought a scroll labelled BYIGGU WOTE for 27 gold pieces
  8407 | D:9      | Bought a murky grey potion for 24 gold pieces
  8407 | D:9      | Bought a scroll labelled WOOVUL XAEBINE for 27 gold pieces
  8407 | D:9      | Bought a scroll labelled BAM NUSSEAR for 27 gold pieces
  8516 | D:9      | Reached XP level 10. HP: 75/80 MP: 13/13
  8606 | D:9      | Found a transporter.
  8606 | D:9      | Noticed a two-headed ogre
  8606 | D:9      | Identified the +6 giant spiked club of Faeqa {speed, *Slow
                  | Dex+2 Stlth+}
  8606 | D:9      | Noticed a two-headed ogre
  8606 | D:9      | Noticed a two-headed ogre
  8607 | D:9      | Found a transporter.
  8607 | D:9      | Noticed themarg's ghost (journeyman GnTm)
  8608 | D:9      | Noticed a two-headed ogre
  8936 | D:10     | Entered Level 10 of the Dungeon
  8970 | D:9      | Reached skill level 5 in Fighting
  8980 | D:10     | Noticed Urug
  8981 | D:10     | Noticed Maurice
  8997 | D:10     | Found a flagged portal.
  9004 | Bailey   | Entered a bailey
  9905 | Bailey   | Reached skill level 5 in Dodging
  9955 | Bailey   | Noticed an orc knight
 10302 | Bailey   | Killed an orc knight
 10303 | Bailey   | Reached skill level 13 in Unarmed Combat
 10449 | D:10     | Killed Maurice
 10471 | D:10     | Killed Urug
 10836 | D:10     | Noticed Nergalle
 10854 | D:10     | Killed Nergalle
 11151 | D:10     | Found a staircase to the Orcish Mines.
 11545 | D:8      | Killed Joseph
 11560 | D:8      | Found Fiunoy's Magic Scroll Emporium.
 11657 | D:8      | Noticed Pikel
 11720 | D:8      | Killed Pikel
 11721 | D:8      | Reached XP level 11. HP: 75/91 MP: 14/14
 12245 | D:8      | Bought a scroll of teleportation for 36 gold pieces
 12245 | D:8      | Bought a scroll of noise for 12 gold pieces
 12245 | D:8      | Bought a scroll of enchant armour for 90 gold pieces
 12245 | D:8      | Bought a scroll of teleportation for 36 gold pieces
 12248 | D:8      | Bought a scroll of identify for 24 gold pieces
 12248 | D:8      | Bought 3 scrolls of amnesia for 144 gold pieces
 12300 | D:10     | Reached skill level 1 in Evocations
 12447 | D:10     | Noticed Lodul
 12458 | D:10     | Killed Lodul
 12706 | D:10     | Identified the +0 robe "Heanax" {Will++}
 13112 | Orc:1    | Entered Level 1 of the Orcish Mines
 13240 | Orc:1    | Noticed an orc knight
 13346 | D:10     | Killed an orc knight
 13669 | Orc:1    | Found Nojenogu's Antique Armour Shop.
 13674 | Orc:1    | Bought a shiny helmet for 195 gold pieces
 13674 | Orc:1    | Bought a faintly humming chain mail for 247 gold pieces
 13674 | Orc:1    | Identified the +1 chain mail of Ornamental Birdsong {rElec}
                  | (You bought it in a shop on level 1 of the Orcish Mines)
 13718 | Orc:1    | Noticed an orc high priest
 13742 | Orc:1    | Noticed a soul eater
 13760 | D:10     | Killed an orc high priest
 13915 | Orc:1    | Noticed an orc knight
 13978 | Orc:1    | Paralysed by an orc sorcerer for 4 turns
 13982 | Orc:1    | Reached skill level 14 in Unarmed Combat
 13990 | Orc:1    | Killed an orc knight
 14193 | Orc:1    | Noticed an orc knight
 14220 | Orc:1    | Killed an orc knight
 14298 | Orc:1    | You fall into a shaft and drop 1 floor!
 14298 | Orc:2    | Entered Level 2 of the Orcish Mines
 14298 | Orc:2    | Noticed an orc high priest
 14300 | Orc:2    | Noticed a soul eater
 14588 | Orc:1    | Found Omacygg's Antique Weapon Shoppe.
 14595 | Orc:1    | Bought a shimmering sling for 117 gold pieces
 14595 | Orc:1    | Identified the +3 sling "Ciacuss" {drain, MP+9 Dex+2 SInv}
                  | (You bought it in a shop on level 1 of the Orcish Mines)
 14834 | Orc:2    | Noticed an orc knight
 14851 | Orc:1    | Killed an orc knight
 15154 | D:11     | Reached skill level 1 in Transmutations
 15260 | D:11     | Noticed a boulder beetle
 15275 | D:11     | Killed a boulder beetle
 15467 | D:12     | Found a gate leading to a gauntlet.
 15479 | Gauntlet | Entered a Gauntlet
 15479 | Gauntlet | Found a transporter.
 15496 | Gauntlet | Noticed a wizard
 15529 | Gauntlet | Found a transporter.
 15544 | Gauntlet | Found a transporter.
 15546 | Gauntlet | Found a large runed translucent door.
 15546 | Gauntlet | Found a large runed translucent door.
 15547 | Gauntlet | Found a large runed translucent door.
 15547 | Gauntlet | Found a large runed translucent door.
 15548 | Gauntlet | Found a large runed translucent door.
 15548 | Gauntlet | Found a large runed translucent door.
 15548 | Gauntlet | Found a runed translucent door.
 15548 | Gauntlet | Found a runed translucent door.
 15548 | Gauntlet | Found a large runed translucent door.
 15549 | Gauntlet | Found a transporter.
 15564 | Gauntlet | Found a transporter.
 15565 | Gauntlet | Noticed a death scarab
 15565 | Gauntlet | Noticed a death scarab
 15579 | Gauntlet | Found a large runed translucent door.
 15580 | Gauntlet | Found a large runed translucent door.
 15581 | Gauntlet | Found a large runed translucent door.
 15581 | Gauntlet | Found a large runed translucent door.
 15582 | Gauntlet | Found a runed translucent gate.
 15583 | Gauntlet | Found a transporter.
 15583 | Gauntlet | Found a runed translucent gate.
 15584 | Gauntlet | Found a runed translucent gate.
 15585 | Gauntlet | Found a large runed translucent door.
 15585 | Gauntlet | Found a large runed translucent door.
 15586 | Gauntlet | Found a large runed translucent door.
 15587 | Gauntlet | Found a large runed translucent door.
 15587 | Gauntlet | Noticed a cacodemon
 15595 | Gauntlet | Found a transporter.
 15597 | Gauntlet | Found a large runed translucent door.
 15600 | Gauntlet | Noticed a ghost crab
 15601 | Gauntlet | Found a transporter.
 15616 | Gauntlet | Found a transporter.
 15616 | Gauntlet | Noticed a wretched star
 15628 | Gauntlet | Found a transporter.
 15628 | Gauntlet | Noticed an orange crystal statue
 15640 | Gauntlet | Found a transporter.
 15642 | Gauntlet | Noticed an orange crystal statue
 15657 | Gauntlet | Found a transporter.
 15675 | Gauntlet | Found a transporter.
 15677 | Gauntlet | Found a transporter.
 15704 | Gauntlet | Found a transporter.
 15704 | Gauntlet | Found a transporter.
 15724 | Gauntlet | Found a transporter.
 15814 | Gauntlet | Found a transporter.
 16060 | Gauntlet | Killed a wizard
 16061 | Gauntlet | Reached XP level 12. HP: 95/101 MP: 15/15
 16205 | Gauntlet | Learned a level 1 spell: Apportation
 16207 | Gauntlet | Identified the amulet of Dabatul {RegenMP Dex+4} (You found
                  | it in a Gauntlet)
 16314 | Gauntlet | Noticed a minotaur
 16332 | Gauntlet | Identified the +1 dagger of Proximity {flame, rElec rPois
                  | rC- rCorr}
 16888 | D:12     | Reached skill level 15 in Unarmed Combat
 17276 | D:11     | Reached skill level 5 in Transmutations
 18265 | Orc:2    | Found a staircase to the Elven Halls.
 18417 | Orc:2    | Paralysed by an orc sorcerer for 5 turns
 18483 | Orc:2    | Paralysed by an orc sorcerer for 3 turns
 18486 | Orc:2    | HP: 3/96 [orc priest/nerve-wracking pain (12)]
 18498 | Orc:2    | Succumbed to barbed spike wounds

Illustrated notes

Levels and vault maps discovered:
D:1:      wander_arrival_estate, layout_rooms,
          dilly_ecumenical_altar_fadedgnrine, chequers_jeans
D:2:      layout_basic, nicolae_concentric_dashed_squares_mild
D:3:      layout_loops_ring, nicolae_figureground_sparkle
D:4:      layout_rooms, uniq_grinder
D:5:      layout_loops_ring, nicolae_hepliaklqana_hippocampus,
          uniq_crazy_yiuf_cottage
D:6:      minmay_octagon_keep, layout_cave_pods, general_overflow_altar,
          nicolae_ossuary_entry_monument, eino_curves_04, uniq_prince_ribbit1,
          uniq_sigmund
D:7:      layout_basic, minmay_temple_entry_proselytizer
D:8:      layout_basic, serial_shops, nicolae_lakefront_shop, uniq_pikel,
          uniq_joseph
D:9:      layout_layer_cave, slow_altar_1, yredelemnul_altar_generic,
          gammafunk_ghost_smash, serial_shops, nicolae_shop_waterfront, shop
D:10:     layout_grid_maze, mainiacjoe_overflow_24_doors, david_orc_2,
          enter_bailey_3, uniq_urug, uniq_lodul, uniq_nergalle, uniq_maurice
D:11:     layout_basic, lair_entry_dummy
D:12:     layout_long_grid, gauntlet_entry_generic
Orc:1:    layout_diamond_mine, serial_shops, shop_fountains,
          guppyfry_orc_lava_fort
Orc:2:    st_orc_mages, layout_diamond_mine

Skill      XL: |  1  2  3  4  5  6  7  8  9 10 11 12 |
---------------+-------------------------------------+-----
Unarmed Combat | 2 3 4 5 6 7 9 11 12 13 14 15 | 15.4
Fighting       | 4 6 8 |  8.0
Dodging        | 4 6 8 |  8.0
Evocations     | 4 |  4.0
Transmutations | 2 6 |  6.0
Stealth        | |  4.5

Action                   |  1- 3 |  4- 6 |  7- 9 | 10-12 || total
-------------------------+-------+-------+-------+-------++-------
Melee: Quarterstaff      |    86 |    15 |       |       ||   101
       Unarmed           |    53 |    91 |   394 |   649 ||  1187
       Punch             |       |     6 |    30 |    60 ||    96
       Short sword       |       |       |     3 |       ||     3
       Spear             |       |       |    41 |       ||    41
       Dagger            |       |       |       |    12 ||    12
 Fire: Sling             |       |       |       |    80 ||    80
       Arbalest          |       |       |       |    16 ||    16
Throw: Boomerang         |       |    40 |    80 |    28 ||   148
       Throwing net      |       |       |     2 |     2 ||     4
       Dart              |       |       |     8 |    45 ||    53
       Javelin           |       |       |       |    10 ||    10
 Cast: Blink             |       |       |     3 |    13 ||    16
       Apportation       |       |       |       |     6 ||     6
Evoke: Wand              |       |     1 |       |     3 ||     4
       Piece from Xom's  |       |       |       |     9 ||     9
  Use: Scroll            |       |       |     2 |    23 ||    25
       Potion            |       |       |       |     3 ||     3
 Stab: Sleeping          |    10 |     1 |     2 |     5 ||    18
       Distracted        |       |     1 |     1 |     3 ||     5
       Held in net/web   |       |       |       |     4 ||     4
       Paralysed         |       |       |       |     3 ||     3
Armor: Leather armour    |    29 |    15 |    64 |   168 ||   276
       Scale mail        |       |     1 |    96 |       ||    97
       Robe              |       |       |       |     7 ||     7
Dodge: Dodged            |    82 |    54 |   217 |   476 ||   829
Block: Buckler           |       |       |       |    18 ||    18

Table legend: (Time is in decaauts)
 A = Elapsed time spent in this place.
 B = Non-inter-level travel time spent in this place.
 C = Inter-level travel time spent in this place.
 D = Time resting spent in this place.
 E = Time spent auto-exploring this place.
 F = Levels seen in this place.
 G = Mean time per level.
                   A        B        C        D        E       F      G
               +--------+--------+--------+--------+--------+-----+--------+
         Total |  18352 |  17634 |    718 |   3123 |   8951 |  17 | 1079.5 |
       Dungeon |  13267 |  12633 |    634 |   1615 |   7444 |  12 | 1105.6 |
  Orcish Mines |   2493 |   2410 |     83 |    783 |    939 |   2 | 1246.5 |
       Ossuary |    307 |    307 |      0 |     46 |     91 |   1 |  307.0 |
        Bailey |   1441 |   1441 |      0 |    642 |    143 |   1 | 1441.0 |
      Gauntlet |    843 |    843 |      0 |     36 |    334 |   1 |  843.0 |
               +--------+--------+--------+--------+--------+-----+--------+

Top non-repeatable levels by time:
    D:10: 2072 daAuts
   Orc:1: 2014 daAuts
     D:8: 1518 daAuts
     D:9: 1488 daAuts
  Bailey: 1441 daAuts
     D:6: 1377 daAuts
     D:5: 1175 daAuts
     D:3: 1096 daAuts
     D:2: 1032 daAuts
Gauntlet: 843 daAuts
     D:7: 811 daAuts
    D:11: 784 daAuts
    D:12: 768 daAuts
     D:4: 575 daAuts
     D:1: 565 daAuts
